 Dungeon Crawl Stone Soup version 0.29.1-15-g9cfb28693d (webtiles) character file.

Game seed: 9305677681241306449

5231 croobank the Skirmisher (level 10, -13/79 HPs)
             Began as a Gnoll Hunter on Apr 29, 2023.
             Mangled by a shadow (23 damage)
             ... on level 10 of the Dungeon.
             The game lasted 00:39:49 (10691 turns).

croobank the Skirmisher (Gnoll Hunter)             Turns: 10691, Time: 00:39:50

Health: -13/79     AC: 15    Str: 11    XL:     10   Next: 61%
Magic:  27/27      EV: 16    Int: 13    God:
Gold:   64         SH:  5    Dex: 20    Spells: 20/20 levels left

rFire   . . .      SeeInvis .   a - +0 shortbow
rCold   . . .      Faith    .   (shield currently unavailable)
rNeg    . . .      Spirit   .   j - +3 leather armour
rPois   +          Reflect  +   m - +0 helmet
rElec   .          Harm     .   o - +2 cloak {rPois}
rCorr   .          Rampage  .   B - +0 pair of gloves of Levity {Dex+5}
Will    .....                   D - +2 pair of boots
Stlth   +++.......              w - amulet of reflection
HPRegen 0.23/turn               k - ring of magical power
MPRegen 0.20/turn               (no ring)

@: hasted, invisible, very quick
A: fangs 1, strong nose, distributed training
a: no special abilities


You were on level 10 of the Dungeon.
You visited 2 branches of the dungeon, and saw 11 of its levels.

You collected 429 gold pieces.
You spent 365 gold pieces at shops.

Inventory:

Hand Weapons
 a - a +0 shortbow (weapon)
 b - the +8 quarterstaff of the Scroll {drain, Dex+4}
   (You found it on level 7 of the Dungeon)

   A truly terrible weapon, it drains the life of any living foe it strikes.
   Dex:       It affects your dexterity (+4).
 e - a +0 dagger
 g - a +2 vorpal long sword
 n - a +4 quarterstaff of chaos
 p - the +10 hammer "Passuq" {freeze, Fragile +Blink rElec rPois}
   (You found it on level 2 of the Dungeon)

   It freezes those it strikes, dealing additional cold damage.
   It can also slow down cold-blooded creatures.
   rElec:     It insulates you from electricity.
   rPois:     It protects you from poison.
   +Blink:    It lets you blink.
   Fragile:   It will be destroyed if unequipped.
 q - the +6 falchion "Worm" {pain, *Slow Will++ Int-2 Dex+2}
   (You found it on level 2 of the Dungeon)

   In the hands of one skilled in necromantic magic, it inflicts extra damage on
   living creatures.
   Int:       It affects your intelligence (-2).
   Dex:       It affects your dexterity (+2).
   *Slow:     It may slow you when you take damage.
   Will:      It greatly increases your willpower.
 r - a +0 war axe
 y - a +2 hand axe of venom
 F - a +3 vorpal spear
Missiles
 H - a curare-tipped dart
Armour
 f - an orb of light
 j - a +3 leather armour (worn)
 m - a +0 helmet (worn)
 o - a +2 cloak of poison resistance (worn)
 B - the +0 pair of gloves of Levity (worn) {Dex+5}
   (You found it on level 4 of the Dungeon)

   Dex:       It affects your dexterity (+5).
 D - a +2 pair of boots (worn)
Jewellery
 k - a ring of magical power (left hand)
 w - an amulet of reflection (around neck)
 A - a ring of ice
Wands
 h - a wand of flame (29)
 u - a wand of mindburst (16)
 z - a wand of polymorph (7)
 I - a wand of paralysis (5)
Scrolls
 c - 3 scrolls of enchant armour
 d - a scroll of fog
 E - 4 scrolls of vulnerability
 J - 2 scrolls of immolation
 K - a scroll of teleportation
Potions
 i - 3 potions of might
 l - 3 potions of ambrosia
 t - 2 potions of attraction
 v - 4 potions of curing
 x - a potion of brilliance
 G - a potion of lignification
 M - 2 potions of mutation


   Skills:
 + Level 7.3 Fighting
 + Level 5.6 Short Blades
 + Level 5.6 Long Blades
 + Level 5.6 Axes
 + Level 5.6 Maces & Flails
 + Level 5.6 Polearms
 + Level 5.6 Staves
 + Level 10.3 Ranged Weapons
 + Level 5.6 Throwing
 + Level 5.6 Armour
 + Level 7.3 Dodging
 + Level 6.2 Stealth
 + Level 5.6 Shields
 + Level 5.6 Unarmed Combat
 + Level 5.6 Spellcasting
 + Level 4.6 Conjurations
 + Level 4.6 Hexes
 + Level 4.6 Summonings
 + Level 4.6 Necromancy
 + Level 4.6 Translocations
 + Level 4.6 Transmutations
 + Level 4.6 Fire Magic
 + Level 4.6 Ice Magic
 + Level 4.6 Air Magic
 + Level 4.6 Earth Magic
 + Level 4.6 Poison Magic
 + Level 6.2 Invocations
 + Level 5.6 Evocations


You had 20 spell levels left.
You didn't know any spells.
Your spell library contained the following spells:

 Spells                   Type           Power      Damage    Failure   Level
 Magic Dart               Conj           60%        1d6       3%          1
 Sandblast                Erth           30%        2d9       3%          1
 Passwall                 Tmut/Erth      12%        N/A       4%          2
 Searing Ray              Conj           30%        2d5       4%          2
 Call Canine Familiar     Summ           15%        N/A       10%         3
 Portal Projectile        Hex/Tloc       30%        N/A       10%         3
 Stone Arrow              Conj/Erth      30%        3d8       10%         3
 Fulminant Prism          Conj/Hex       7%         3d7       32%         4
 Leda's Liquefaction      Hex/Erth       7%         N/A       32%         4
 Summon Forest            Summ/Tloc      7%         N/A       65%         5
 Summon Mana Viper        Hex/Summ       15%        N/A       65%         5
 Summon Cactus Giant      Summ           7%         N/A       99%         6


Dungeon Overview and Level Annotations

Branches:
Dungeon (10/15)            Temple (1/1) D:6
   Lair: D:8-11         Orc: D:9-12

Altars:
Ashenzari
Cheibriados
Dithmenos
Fedhas
Gozag
Kikubaaqudgha
Makhleb
Nemelex Xobeh
Okawaru
Qazlal
Ru
Sif Muna
Trog
Uskayaw
Vehumet
Wu Jian
Yredelemnul
Zin
The Shining One

Shops:
D:1 (**=   D:3 *   D:6 [   D:7 *   D:9 [


Innate Abilities, Weirdness & Mutations

You have very sharp teeth.
Your uncanny sense of smell can sniff out nearby items.
Your experience applies equally to all skills.


Message History

You hear the roar of battle.
There is an entrance to a bailey on this level.
Hurry and find it before the portal closes forever!
Reactivating autopickup.
There is a stone staircase leading up here.
The yak bellows!
The howler monkey howls!
You hear a bellow!
You hear a shout!
You hear a bellow!
You hear a shout!
The howler monkey hoots and howls with incredible vigour!
You hear a shout! x5
Found a stone staircase leading down.
A manticore comes into view.
Found 8 stones, a glowing crystal plate armour and a scroll of enchant weapon.
Okay, then.
Okay, then.
Really read the scroll of immolation?
As you read the scroll of immolation, it crumbles to dust.
The creatures around you are filled with an inner flame!
Unknown command.
a - a +0 shortbow (weapon)
Fire: a) +0 shortbow
Press: ? - help, Q - select action, (/) - cycle Shift-Dir - straight line, f - shadow
Aim: a shadow (inner flame, 70% to hit)
You shoot an arrow.
The arrow hits the shadow but does no damage.
The shadow slips into darkness.
The shadow flickers and vanishes!
Deactivating autopickup; reactivate with Ctrl-A.
Fire: a) +0 shortbow
Press: ? - help, Q - select action, (/) - cycle Shift-Dir - straight line, f - you
Okay, then.
Fire: a) +0 shortbow
Press: ? - help, Q - select action, (/) - cycle Shift-Dir - straight line You shoot an arrow.
Fire: a) +0 shortbow
Press: ? - help, Q - select action, (/) - cycle Shift-Dir - straight line You shoot an arrow.
Okay, then.
You fade into invisibility!
The manticore flicks its tail.
The shadow strikes at you from the darkness!
You die...

.......##≈≈.
........≈Y☼
#.......≈h☼
##.......≈o~
#........≈§.
#...<.....≈≈
#...........
###.........
##@.........
#...........
###H........
#.........
#..........
#..........
#.........
#.......##
##...>.##


You could see a manticore (unable to see you).

Vanquished Creatures
  A two-headed ogre (D:8)
  A tengu conjurer (D:8)
  6 yaks (D:9)
  A shadow (D:9)
  A water moccasin (D:6)
  A sky beast (D:6)
  2 black bears
  7 centaurs
  3 phantoms
  3 kobold brigands
  A necrophage (D:4)
  3 scorpions
  A gnoll sergeant (D:6)
  2 bullfrogs
  A water moccasin zombie (D:5)
  A water moccasin skeleton (D:5)
  7 killer bees (D:7)
  An electric eel (D:8)
  5 howler monkeys
  A bullfrog skeleton (D:5)
  A jelly (D:6)
  4 orc priests
  Crazy Yiuf (D:2)
  A gnoll bouda (D:6)
  4 hounds
  10 orc wizards
  4 iguanas
  2 hound skeletons (D:5)
  A howler monkey zombie (D:5)
  9 gnolls
  6 adders
  A shadow imp (D:5)
  2 ufetubi
  3 dart slugs
  20 orcs
  9 ball pythons
  7 bats
  3 endoplasms
  4 giant cockroaches
  4 goblins
  3 hobgoblins
  4 jackals
  22 kobolds
  A quokka (D:1)
  4 frilled lizards
  6 rats
185 creatures vanquished.

Vanquished Creatures (others)
  2 fungi (D:8)
  3 plants (D:9)
5 creatures vanquished.

Grand Total: 190 creatures vanquished

Notes
Turn   | Place    | Note
-------+----------+-------------------------------------------
     0 | D:1      | croobank the Gnoll Hunter began the quest for the Orb.
     0 | D:1      | Reached XP level 1. HP: 20/20 MP: 1/1
   173 | D:1      | Found Benweint's Assorted Antiques.
   209 | D:1      | Reached XP level 2. HP: 26/26 MP: 2/2
   224 | D:1      | Found a faded altar of an unknown god.
   315 | D:1      | Found Arou's Weapon Emporium.
   368 | D:1      | Reached XP level 3. HP: 23/31 MP: 2/4
   449 | D:1      | Found Wosu's General Store.
   452 | D:1      | Found Vimarun's Jewellery Boutique.
   521 | D:1      | Reached skill level 1 in Invocations
   986 | D:2      | Identified the +6 falchion "Worm" {pain, *Slow Will++ Int-2
                  | Dex+2}
  1141 | D:2      | Reached skill level 1 in Short Blades
  1141 | D:2      | Reached skill level 1 in Long Blades
  1141 | D:2      | Reached skill level 1 in Axes
  1141 | D:2      | Reached skill level 1 in Maces & Flails
  1141 | D:2      | Reached skill level 1 in Polearms
  1141 | D:2      | Reached skill level 1 in Staves
  1141 | D:2      | Reached skill level 1 in Throwing
  1141 | D:2      | Reached skill level 1 in Armour
  1141 | D:2      | Reached skill level 1 in Shields
  1141 | D:2      | Reached skill level 1 in Unarmed Combat
  1141 | D:2      | Reached skill level 1 in Spellcasting
  1141 | D:2      | Reached skill level 1 in Evocations
  1246 | D:2      | Found a runed translucent door.
  1247 | D:2      | Noticed Crazy Yiuf
  1256 | D:2      | HP: 1/31 [Crazy Yiuf/+4 quarterstaff of chaos (11)]
  1257 | D:2      | Killed Crazy Yiuf
  1258 | D:2      | Reached XP level 4. HP: 2/38 MP: 1/5
  1564 | D:2      | Identified the +10 hammer "Passuq" {freeze, Fragile +Blink
                  | rElec rPois}
  1603 | D:2      | Reached skill level 1 in Conjurations
  1603 | D:2      | Reached skill level 1 in Hexes
  1603 | D:2      | Reached skill level 1 in Summonings
  1603 | D:2      | Reached skill level 1 in Necromancy
  1603 | D:2      | Reached skill level 1 in Translocations
  1603 | D:2      | Reached skill level 1 in Transmutations
  1603 | D:2      | Reached skill level 1 in Fire Magic
  1603 | D:2      | Reached skill level 1 in Ice Magic
  1603 | D:2      | Reached skill level 1 in Air Magic
  1603 | D:2      | Reached skill level 1 in Earth Magic
  1603 | D:2      | Reached skill level 1 in Poison Magic
  2402 | D:3      | Reached XP level 5. HP: 43/43 MP: 7/7
  2489 | D:3      | Found Plog's Assorted Antiques.
  2684 | D:4      | Noticed a centaur
  2687 | D:4      | Killed a centaur
  2688 | D:4      | Reached XP level 6. HP: 50/50 MP: 8/8
  2728 | D:4      | Reached skill level 5 in Fighting
  2728 | D:4      | Reached skill level 5 in Dodging
  2954 | D:5      | Entered Level 5 of the Dungeon
  3505 | D:5      | Reached XP level 7. HP: 56/56 MP: 10/10
  3923 | D:5      | Reached skill level 9 in Ranged Weapons
  4023 | D:4      | Reached XP level 8. HP: 61/63 MP: 12/12
  4035 | D:4      | Identified the +0 pair of gloves of Levity {Dex+5}
  4671 | D:3      | Bought a scroll of identify for 62 gold pieces
  4742 | D:1      | Bought a scroll of identify for 50 gold pieces
  4742 | D:1      | Bought an onyx ring for 125 gold pieces
  4796 | D:1      | Bought a clear potion for 22 gold pieces
  5083 | D:6      | Found a staircase to the Ecumenical Temple.
  5692 | D:6      | Reached XP level 9. HP: 69/69 MP: 14/14
  5720 | D:6      | Found Bugoho's Armour Boutique.
  5899 | Temple   | Entered the Ecumenical Temple
  6300 | D:7      | Found Zaont's General Store.
  6898 | D:7      | Reached skill level 5 in Stealth
  7247 | D:7      | Identified the +8 quarterstaff of the Scroll {drain, Dex+4}
  7579 | D:8      | Noticed a tengu conjurer
  7662 | D:8      | Reached skill level 5 in Invocations
  7862 | D:8      | Found a snail-covered altar of Cheibriados.
  7906 | D:8      | Killed a tengu conjurer
  8036 | D:8      | Identified the +9 rapier "Vuh Voc" {venom, Contam rPois
                  | Int+3 Dex+2}
  8203 | D:8      | Noticed a two-headed ogre
  8297 | D:8      | Killed a two-headed ogre
  8298 | D:8      | Reached skill level 5 in Short Blades
  8298 | D:8      | Reached skill level 5 in Long Blades
  8298 | D:8      | Reached skill level 5 in Axes
  8298 | D:8      | Reached skill level 5 in Maces & Flails
  8298 | D:8      | Reached skill level 5 in Polearms
  8298 | D:8      | Reached skill level 5 in Staves
  8298 | D:8      | Reached skill level 10 in Ranged Weapons
  8298 | D:8      | Reached skill level 5 in Throwing
  8298 | D:8      | Reached skill level 5 in Armour
  8298 | D:8      | Reached skill level 5 in Shields
  8298 | D:8      | Reached skill level 5 in Unarmed Combat
  8298 | D:8      | Reached skill level 5 in Spellcasting
  8298 | D:8      | Reached skill level 5 in Evocations
  8298 | D:8      | Reached XP level 10. HP: 43/77 MP: 17/17
  8822 | D:1      | Bought a scroll labelled VETUUTA EXIUH for 25 gold pieces
  8893 | D:3      | Bought a golden potion for 27 gold pieces
  8893 | D:3      | Bought a golden potion for 27 gold pieces
  8893 | D:3      | Bought a viscous sapphire potion for 27 gold pieces
  9188 | D:8      | Found a burning altar of Makhleb.
  9194 | D:8      | Found a basalt altar of Yredelemnul.
 10204 | D:9      | Found Nohi's Antique Armour Boutique.
 10675 | D:10     | Entered Level 10 of the Dungeon
 10680 | D:10     | Noticed a manticore
 10691 | D:10     | Mangled by a shadow

Illustrated notes

Levels and vault maps discovered:
D:1:      minmay_arrival_wavy_path, layout_rooms, serial_shops,
          nicolae_shop_window_shopping, nicolae_shop_stone, shop,
          nicolae_lakefront_shop, basic_ecumenical_altar, minmay_cut_off
D:2:      layout_loops_cross, uniq_crazy_yiuf_cottage
D:3:      layout_rooms, serial_shops, nicolae_diamond_shop,
          chequers_serial_rivers_small_3
D:4:      layout_basic
D:5:      layout_loops_corners, serial_undead, serial_undead_b, serial_undead_d,
          serial_undead_a, serial_undead_e
D:6:      layout_cave_pods, minmay_temple_entry_overgrown, serial_shops, shop
D:7:      layout_basic, serial_shops, nicolae_shop_advertising_works
          [nicolae_subvault_shop_adworks]
D:8:      layout_gridville, lemuel_crystal_altar, mainiacjoe_overflow_big_doors,
          kennysheep_island_fort
D:9:      layout_long_grid, nicolae_elyvilon_temple_path, dpeg_oklobed_lair,
          serial_shops, shop, minmay_misc_feat_secret_circle
D:10:     minmay_distorted_concentric_squares, layout_cave_pools,
          beargit_hepliaklqana_dungeon_heroes, xom_confusion_cloud,
          enter_bailey_5, minmay_protected_statue
Temple:   nicolae_temple_superstar

Skill      XL: |  1  2  3  4  5  6  7  8  9 10 |
---------------+-------------------------------+-----
Invocations    | 1 2 3 4 5 6 |  6.2
Short Blades   | 1 2 3 5 |  5.6
Long Blades    | 1 2 3 5 |  5.6
Axes           | 1 2 3 5 |  5.6
Maces & Flails | 1 2 3 5 |  5.6
Polearms       | 1 2 3 5 |  5.6
Staves         | 1 2 3 5 |  5.6
Throwing       | 1 2 3 5 |  5.6
Armour         | 1 2 3 5 |  5.6
Shields        | 1 2 3 5 |  5.6
Unarmed Combat | 1 2 3 5 |  5.6
Spellcasting   | 1 2 3 5 |  5.6
Evocations     | 1 2 3 5 |  5.6
Conjurations   | 1 2 3 4 |  4.6
Hexes          | 1 2 3 4 |  4.6
Summonings     | 1 2 3 4 |  4.6
Necromancy     | 1 2 3 4 |  4.6
Translocations | 1 2 3 4 |  4.6
Transmutations | 1 2 3 4 |  4.6
Fire Magic     | 1 2 3 4 |  4.6
Ice Magic      | 1 2 3 4 |  4.6
Air Magic      | 1 2 3 4 |  4.6
Earth Magic    | 1 2 3 4 |  4.6
Poison Magic   | 1 2 3 4 |  4.6
Stealth        | 3 4 5 6 |  6.2
Fighting       | 5 6 7 |  7.3
Dodging        | 5 6 7 |  7.3
Ranged Weapons | 9 10 | 10.3

Action                   |  1- 3 |  4- 6 |  7- 9 | 10-12 || total
-------------------------+-------+-------+-------+-------++-------
Melee: Quarterstaff      |       |       |    22 |    82 ||   104
       Bite              |       |       |     3 |     8 ||    11
       Falchion          |       |       |     3 |       ||     3
 Fire: Shortbow          |    81 |   130 |   345 |    80 ||   636
  Use: Scroll            |       |       |    21 |     4 ||    25
       Potion            |       |       |     1 |     3 ||     4
Armor: Leather armour    |     2 |    26 |    92 |    39 ||   159
Dodge: Dodged            |    14 |    56 |   154 |    54 ||   278
Block: Other             |       |     5 |    65 |    21 ||    91
       Reflection        |       |       |     5 |       ||     5
